woodfighter, lawful female dwarven Priestess -------------- ##..........%..| # |..........<.| ### |......%.....| ------------ # ------------.- |`.........`. ##a# % |.....`. # @ # | ---- #f# ### # # ### # ---.---------- |............| |............| |.......>....| |............| |............| -------------- woodfighter the Acolyte Experience level: 5 Strength: 15 Dexterity: 13 Constitution: 14 Intelligence: 15 Wisdom: 9 Charisma: 11 Health: 0(41) Energy: 35(35) Def: 3 Gold: 333 Moves: 3111 Dungeon seed: 6sZSKpb_b4ZI94MV Game ID: woodfighter_1554642314 Your Inventory: Coins $ - 333 gold pieces Weapons a - a blessed +1 mace (weapon in hand) H - a +0 spear Armor e - a +0 robe (being worn) n - a +0 small shield (being worn) Comestibles c - a clove of garlic d - 2 sprigs of wolfsbane w - a lichen corpse A - 4 food rations J - 2 tripe rations K - a carrot R - a magic bean Scrolls s - a scroll of enchant armor u - a scroll of remove curse v - a scroll of enchant weapon z - a scroll of punishment F - a scroll of create monster I - a cursed scroll of identify P - a cursed scroll of enchant weapon S - a blessed scroll of enchant weapon Spellbooks g - a spellbook of cure sickness B - a spellbook of healing Potions b - 4 potions of holy water j - a cursed potion of gain ability l - a blessed potion of acid o - a cursed potion of see invisible x - 2 potions of gain level D - a potion of object detection E - a potion of paralysis G - a potion of water Q - a potion of fruit juice Wands f - a wand of cancellation (0:1) C - a wand of light (0:14) Tools y - a lock pick Gems q - a citrine Spells and supernatural/magical abilities: Name Level Category Fail Memory l - light 1 divination 0% 85% n - detect monsters 1 divination 0% 85% K - cure sickness 3 healing 93% 85% W - pray for help -- divine ? -- X - turn undead -- divine ? -- Your skills at the end: Miscellaneous Skills shield [Basic] wands [Basic] Weapon Skills pick-axe [Basic] mace [Basic] Spellcasting Skills clerical spells [Basic] Final Attributes: You were fervently aligned. You were telepathic. You had infravision. You were somewhat stealthy. You are dead. Vanquished creatures: a large mimic a jitterbug 6 coyotes a gas spore 2 hobbits 2 geckos a hobgoblin 4 giant rats a cave spider 2 yellow molds 2 green molds 10 garter snakes a gnome zombie 2 jackals a fox 5 newts a goblin 4 sewer rats 3 grid bugs 3 bats 6 lichens a kobold zombie 60 creatures vanquished. Voluntary challenges: You did not adorn yourself with jewelry or accessories. You did not cause conflict. You were not invisible. You did not have reflection. You were not displaced. You had been an atheist until turn 2636. You used a wielded weapon 65 times, starting on turn 69. You did not apply a unicorn horn. You did not use plumbed fixtures. You did not drink any magical draughts. You were illiterate. You never genocided any monsters. You never polymorphed an object. You never changed form. You used no wishes. You never split a pudding. You never wrote Elbereth's name. You violated your moral code, losing 2 points of alignment, starting on turn 1304. Dungeon overview: The Dungeons of Doom: levels 1 to 7 Level 1 a fountain a long staircase Level 2 (water) a fountain stairs to The Gnomish Mines Level 3 a general store, an altar to Issek, a fountain Level 4 (water) an altar to Issek, a fountain Level 5 a general store, some fountains Level 6 <- You were here Level 7 The Gnomish Mines: Level 3 stairs to The Dungeons of Doom History has recorded: On T:1 you entered the Dungeons of Doom to retrieve the Amulet of Yendor! On T:126 you reached level 2 of The Dungeons of Doom. On T:678 you reached level 1 of The Gnomish Mines. On T:806 you reached level 3 of The Dungeons of Doom. On T:1303 you advanced to experience level 2. On T:1426 you reached level 4 of The Dungeons of Doom. On T:1517 you advanced to experience level 3. On T:1698 you reached level 5 of The Dungeons of Doom. On T:1961 you advanced to experience level 4. On T:2478 you reached level 6 of The Dungeons of Doom. On T:2636 you prayed to Issek. On T:2639 you advanced to experience level 5. On T:3031 you reached level 7 of The Dungeons of Doom. Score breakdown: Gold: 333 ( 33 points) Experience: 5 levels ( 400 points) Exploration: 7 levels ( 180 points) Discoveries: 17 items ( 850 points) Variety of kills: 22 monsters ( 1100 points) Major goal: (nothing yet) ( 0 points) Survival: died (score multiplied by 3) Total score: 7689 Latest messages: The fox bites! You kill the fox! There are a few objects here. Kitty drops a partly eaten coyote corpse. c - a clove of garlic. You see here a partly eaten coyote corpse. Kitty picks up a partly eaten coyote corpse. Kitty drops a partly eaten coyote corpse. Kitty picks up a partly eaten coyote corpse. You displace kitty. You stop exploring. S - a blessed scroll called enchant a/w, remove curse. Kitty bites the bat. The bat is killed! You stop exploring. You kill the gecko! Kitty drops a partly eaten coyote corpse. You stop exploring. (2x) You displace kitty. You hear some noises. The bat is killed! You finish searching. You stop exploring. The giant beetle bites! You hit the giant beetle! The giant beetle bites! You die... Final status: Goodbye woodfighter the Priestess, killed by a giant beetle... You died in The Dungeons of Doom on dungeon level 6 with 7689 points, and 333 pieces of gold, after 3111 moves. You were level 5 with a maximum of 41 hit points when you died.